Map: [ESL] Gresvan

Players

Cure - Winner!

  • Race: Terran Terran
  • League: Master
  • Spawn Location: 11:00

DKZDark (Dark)

  • Race: Zerg Zerg
  • League: Master
  • Spawn Location: 5:00

VOD

https://www.youtube.com/watch?v=-jRFPHnFi2k

Description

Proxy 2 Rax from Cure vs Dark. Played during Korean Starcraft League 2.

Time

  • Played on: March 16, 2023, 11:08 p.m.
  • Length: 3:54
Show
View Real Time Build Order
Export as new Build Order

Cure Terran - Winner!

Build Orders: Proxy 2 Rax 

Get SALT Encoding   

  12  0:00  SCV  
  13  0:12  SCV  
  14  0:17  Supply Depot  
  14  0:24  SCV  
  15  0:39  Barracks  
  15  0:49  Barracks  
  15  0:52  SCV  
  16  0:59  Refinery  
  16  1:04  SCV  
  17  1:16  SCV  
  18  1:26  Marine  
  18  1:28  Orbital Command  
  19  1:35  Supply Depot  
  19  1:36  Marine  
  20  1:44  Marine  
  21  1:53  Marine  
  21  1:54  Bunker  
  22  1:55  SCV  
  23  2:02  Marine  
  24  2:12  Marine  
  25  2:16  SCV  
  25  2:19  Marine  
  26  2:27  Factory  
  26  2:29  SCV  
  25  2:30  Marine  
  26  2:37  Marine  
  26  2:41  SCV  
  25  2:48  Reaper  
  25  2:53  SCV  
  25  2:55  Reaper  
  24  3:05  SCV  
  25  3:06  Command Center  
  25  3:10  Factory Reactor  
  25  3:17  SCV  
  26  3:20  Supply Depot  
  26  3:29  SCV  
  27  3:44  Command Center  
Show
View Real Time Build Order
Export as new Build Order

DKZDark Zerg 

Build Orders: Hatch First 

Get SALT Encoding   

  12  0:00  Drone  
  13  0:11  Overlord  
  13  0:16  Drone  
  14  0:30  Drone x2  
  16  0:48  Hatchery  
  15  0:50  Drone  
  15  0:53  Drone  
  15  0:57  Drone  
  18  1:00  Extractor  
  17  1:13  Spawning Pool  
  17  1:16  Drone  
  17  1:19  Drone  
  18  1:29  Drone  
  20  2:01  Queen, Zergling x8  
  23  2:15  Zergling x4  
  18  2:36  Drone  
  18  2:43  Drone x2  
  17  2:52  Drone  
  17  2:53  Drone  
  18  3:05  Drone  
  18  3:10  Drone  
  21  3:12  Drone  
  21  3:17  Drone  
  21  3:19  Drone  
  23  3:22  Drone  
  24  3:32  Overlord  
  24  3:33  Zergling x2  
Tags
 
Add a new tag
Caveats
  • Supply blocks, unpowered buildings, or Contaminate may cause inaccurate times.
  • Supply counts are checked every 10 seconds.